 Dungeon Crawl Stone Soup version 0.23-a0-741-g38971ea054 (webtiles) character file.

141 LLavrengius the Changer (level 5, -1/33 HPs)
             Began as an Octopode Transmuter on Jan 18, 2019.
             Slain by an orc
             ... wielding a +0 flail
              (7 damage)
             ... on level 3 of the Dungeon.
             The game lasted 00:05:11 (2914 turns).

LLavrengius the Changer (Octopode Transmuter)       Turns: 2914, Time: 00:05:12

Health: -1/33      AC:  2    Str:  9    XL:     5   Next: 24%
Magic:  6/8        EV: 16    Int: 17    God:
Gold:   130        SH:  0    Dex: 17    Spells: 2/8 levels left

rFire    . . .     SeeInvis .     - Unarmed
rCold    . . .     Gourm    .   (shield currently unavailable)
rNeg     . . .     Faith    .   (helmet currently unavailable)
rPois    x         Spirit   .   (no amulet)
rElec    .         Reflect  .   i - -3 ring of evasion (curse)
rCorr    .         Harm     .   (no ring)
MR       .....                  (no ring)
Stlth    ++........             (no ring)
HPRegen  0.11/turn              (no ring)
MPRegen  0.11/turn              (no ring)
                                (no ring)
                                (no ring)

@: spider-form
A: tiny, almost no armour, stealthy swim, (amphibious), 8 rings, (constrict 8)
a: End Transformation


You were on level 3 of the Dungeon.
You were not hungry.
You were a venomous arachnid creature.
You visited 1 branch of the dungeon, and saw 3 of its levels.

You collected 130 gold pieces.

Inventory:

Hand Weapons
 l - a +0 blowgun
Missiles
 a - 12 arrows
 m - 15 poisoned needles
Jewellery
 d - an uncursed ring of fire
 i - a cursed -3 ring of evasion (left front leg)
Scrolls
 e - 4 scrolls of remove curse {unknown}
 f - 4 scrolls of identify {unknown}
 h - a scroll of enchant armour {unknown}
 j - a scroll of random uselessness {unknown}
Potions
 b - a potion of might {unknown}
 g - 2 potions of heal wounds {unknown}
 k - 2 potions of curing {unknown}
Comestibles
 c - 6 rations


   Skills:
 - Level 1.0 Fighting
 - Level 2.0 Dodging
 - Level 3.0 Unarmed Combat
 - Level 2.0 Spellcasting
 + Level 4.9 Transmutations
 + Level 1.9 Poison Magic


You had 2 spell levels left.
You knew the following spells:

 Your Spells              Type           Power        Failure   Level  Hunger
a - Beastly Appendage     Tmut           ###...       10%         1    #......
b - Sticks to Snakes      Tmut           ###.....     12%         2    ###....
c - Spider Form           Tmut/Pois      ##........   32%         3    ###....

Your spell library contained the following spells:

 Spells                   Type           Power        Failure   Level  Hunger
 Ice Form                 Ice/Tmut       ##......     77%         4    #####..
 Blade Hands              Tmut           ###.......   77%         5    ######.


Dungeon Overview and Level Annotations

Branches:
Dungeon (3/15)

Altars:


Innate Abilities, Weirdness & Mutations

You cannot wear most types of armour.
You are very stealthy in the water. (Stealth+)
((You are amphibious.))
You can wear up to eight rings at the same time.
((You can use your tentacles to constrict eight enemies at once.))
((Your skin changes colour to match your surroundings (Stealth+).))
((Your rubbery body absorbs attacks. (AC +1, EV +1)))


Message History

An orc wizard comes into view. It is wielding a +0 dagger.
Things that are here:
a +0 whip; a +0 blowgun; 7 poisoned needles You feel sick.
You are no longer poisoned.
Casting: Spider Form (safe; 14% risk of failure)
Confirm with . or Enter, or press ? or * to list all spells.
You turn into a venomous arachnid creature.
The orc drinks a potion.
The orc flickers and vanishes!
Deactivating autopickup; reactivate with Ctrl-A.
You see here a +0 whip.
You closely miss something.
You hit the orc wizard but do no damage.
The orc wizard is poisoned.
Something hits you.
* * * LOW HITPOINT WARNING * * *
The orc wizard closely misses you. The orc wizard casts a spell at you.
There is an open gate here.
Something hits you!
You die...

##### #...#######
#.†)o.)...###
#.)).o.o....# .#
##(#####'''## .# #(##
##.o.##
.########..###.....##
... ..##.###.......#
.# #.##..##...s...#
.# #.##(.##.......#
.# #.....##.......#
.# #.#..######....#
.#####.#..# '....#
.......#..# ######
.#.#####..# ...# #..#
.#.# ##.#


You could see an orc wizard and an orc.

Vanquished Creatures
  An orc wizard (D:3)
  6 adders
  An ooze (D:1)
  A worm (D:3)
  2 dart slugs (D:2)
  2 leopard geckos
  2 orcs (D:3)
  A ball python (D:1)
  4 bats
  5 giant cockroaches
  2 goblins (D:1)
  5 hobgoblins
  8 kobolds
  7 frilled lizards
  4 rats
51 creatures vanquished.

Vanquished Creatures (others)
  10 toadstools (D:3)
10 creatures vanquished.

Grand Total: 61 creatures vanquished

Notes
Turn   | Place    | Note
-------+----------+-------------------------------------------
     0 | D:1      | LLavrengius the Octopode Transmuter began the quest for the
                  | Orb.
     0 | D:1      | Reached XP level 1. HP: 13/13 MP: 3/3
   317 | D:1      | Reached XP level 2. HP: 13/18 MP: 5/5
   480 | D:1      | Reached skill level 3 in Transmutations
   914 | D:1      | Reached XP level 3. HP: 12/23 MP: 6/6
  1661 | D:2      | Reached skill level 4 in Transmutations
  1737 | D:2      | Reached XP level 4. HP: 23/28 MP: 5/7
  2287 | D:3      | Learned a level 2 spell: Sticks to Snakes
  2291 | D:3      | Learned a level 3 spell: Spider Form
  2355 | D:3      | Reached skill level 1 in Poison Magic
  2624 | D:3      | Reached XP level 5. HP: 27/33 MP: 8/8
  2914 | D:3      | Slain by an orc

Vault maps used:
D:1:      minmay_arrival_doors, minmay_lizard_king
D:2:      first_ration
D:3:      cheibrodos_fertilizer

Skill      XL: |  1  2  3  4 |
---------------+-------------+-----
Transmutations | 3 4 |  4.9
Poison Magic   | 1 |  1.9
Fighting       | |  1.0
Dodging        | |  2.0
Unarmed Combat | |  3.0
Spellcasting   | |  2.0

Action                   |  1- 3 |  4- 6 || total
-------------------------+-------+-------++-------
Melee: Unarmed           |    82 |    71 ||   153
       Constrict         |    18 |    10 ||    28
       Tentacles         |    13 |     6 ||    19
       Kick              |     3 |     3 ||     6
       Punch             |     1 |       ||     1
 Cast: Beastly Appendage |     2 |     1 ||     3
       Spider Form       |       |     4 ||     4
 Stab: Sleeping          |     7 |     4 ||    11
  Eat: Chunk             |     2 |     5 ||     7
Armor: Skin              |     8 |     1 ||     9
Dodge: Dodged            |    47 |    36 ||    83

Table legend:
 A = Non-vault XP
 B = Vault XP
 C = Vault XP percentage of total XP
 D = Non-vault monster count
 E = Vault monster count
 F = Vault count percentage of total count
                 A         B        C        D         E       F
            +---------+---------+-------+---------+---------+-------
      Total |     186 |      16 |   7.9 |      39 |      12 |  23.5
            +---------+---------+-------+---------+---------+-------
        D:1 |      33 |       8 |  19.5 |      16 |       6 |  27.3
        D:2 |      74 |       0 |   0.0 |      14 |       0 |   0.0
        D:3 |      79 |       8 |   9.2 |       9 |       6 |  40.0
            +---------+---------+-------+---------+---------+-------
